 Dungeon Crawl Stone Soup version 0.31-a0-986-g5e6e4ef867 (webtiles) character file.

Game seed: 8067351184389502390

126 gelatine the Trooper (level 4, 0/35 HPs)
             Began as a Demonspawn Fighter on Nov 13, 2023.
             Slain by a gnoll
             ... wielding a +0 spear
              (4 damage)
             ... on level 2 of the Dungeon.
             The game lasted 00:04:22 (1342 turns).

gelatine the Trooper (Demonspawn Fighter)           Turns: 1342, Time: 00:04:22

Health: 0/35       AC:  6    Str: 18    XL:     4   Next: 83%
Magic:  4/4        EV: 11    Int: 10    God:
Gold:   49         SH:  4    Dex: 12    Spells: 3/3 levels left

rFire   + . .        a - +0 war axe
rCold   + . .        c - +0 buckler
rNeg    . . .        n - +2 robe {rC+ rF+}
rPois   .            (no helmet)
rElec   .            (no cloak)
rCorr   .            (no gloves)
SInv    .            (no boots)
Will    .....        (no amulet)
Stlth   +            (no ring)
HPRegen 0.25/turn    (no ring)
MPRegen 0.09/turn

%: no passive effects
@: no status effects
A: thin metallic scales 1, demonic guardian 1
a: no special abilities


You were on level 2 of the Dungeon.
You visited 1 branch of the dungeon, and saw 2 of its levels.

You collected 119 gold pieces.
You spent 70 gold pieces at shops.

Inventory:

Hand Weapons
 a - a +0 war axe (weapon)
Armour
 b - a +0 scale mail
 c - a +0 buckler (worn)
 n - a +2 robe of resistance (worn)
Wands
 q - a wand of mindburst (11)
Scrolls
 e - a scroll of poison {unknown}
 g - a scroll of vulnerability {unknown}
 i - a scroll of noise {unknown}
 j - a scroll of enchant weapon {unknown}
 k - 4 scrolls of identify {unknown}
 l - a scroll of immolation {unknown}
Potions
 d - a potion of might
 h - a potion of curing {unknown}
 m - a potion of mutation {unknown}
 o - a potion of heal wounds
 p - a potion of attraction {unknown}


   Skills:
 * Level 3.5 Fighting
 * Level 3.3 Axes
 * Level 3.1 Armour
 * Level 0.3 Dodging
 * Level 3.2 Shields


You had 3 spell levels left.
You didn't know any spells.
Your spell library was empty.

Dungeon Overview and Level Annotations

Branches:
Dungeon (2/15)

Altars:

Shops:
D:2 !*


Innate Abilities, Weirdness & Mutations

You are partially covered in thin metallic scales. (AC +2)
A weak demonic guardian rushes to your aid.


Message History

The goblin is heavily wounded.
A gnoll comes into view. It is wielding a +0 halberd.
You block the goblin's attack. The goblin hits you with a +0 club.
You barely miss the goblin.
The goblin is heavily wounded.
The goblin hits you with a +0 club.
You hit the goblin.
The goblin is severely wounded.
The goblin closely misses you. You block the goblin's attack.
You slash the goblin!
You kill the goblin!
A gnoll comes into view. It is wielding a +0 spear.
You throw a javelin. The gnoll shouts!
The javelin pierces through the gnoll!
The gnoll is severely wounded.
The gnoll closely misses you.
The gnoll hits you from afar with a +0 halberd.
A gnoll comes into view. It is wielding a +0 whip.
You block the gnoll's attack.
Items here: $ ( ) †.
You closely miss the gnoll.
The gnoll is severely wounded.
The gnoll closely misses you.
You hit the gnoll but do no damage.
The gnoll is severely wounded.
The gnoll hits you from afar with a +0 spear!
The gnoll hits you with a +0 halberd!
* * * LOW HITPOINT WARNING * * *
A demonic guardian appears!
The gnoll hits you but does no damage.
You see here a potion of might.
You slash the gnoll!
The gnoll is severely wounded.
You closely miss the gnoll. The gnoll hits you with a +0 halberd.
* * * LOW HITPOINT WARNING * * *
The gnoll barely misses you.
Your ufetubus closely misses the gnoll.
Your ufetubus hits the gnoll.
The gnoll dies!
The gnoll hits you with a +0 spear.
You die...

...### ......
.....####...#
...#...##..#
...#.....).##
)........#..###
#####....##...####
#....####.)..######
##......####))5∩..#
.......# #@.....#
..##....# #gg....#
... .##...#
#......# #.## .
.#.. #......# .g #
# .......# ##
#../(..# .......#
.......#


You could see 2 gnolls and a friendly ufetubus (summoned).

Vanquished Creatures
  Jessica (D:2)
  An adder (D:2)
  2 gnolls (D:2)
  2 worms (D:2)
  2 dart slugs
  8 ball pythons
  3 endoplasms (D:1)
  A giant cockroach (D:1)
  10 goblins
  6 hobgoblins
  A jackal (D:2)
  2 quokkas (D:1)
  5 bats
  8 frilled lizards
  3 kobolds
  2 rats (D:1)
57 creatures vanquished.

Vanquished Creatures (collateral kills)
  A gnoll (D:2)
1 creature vanquished.

Vanquished Creatures (others)
  A bat (D:1)
1 creature vanquished.

Grand Total: 59 creatures vanquished

Notes
Turn   | Place    | Note
-------+----------+-------------------------------------------
     0 | D:1      | gelatine the Demonspawn Fighter began the quest for the
                  | Orb.
     0 | D:1      | Reached XP level 1. HP: 18/18 MP: 1/1
   156 | D:1      | Gained mutation: You are partially covered in thin metallic
                  | scales. (AC +2) [demonic ancestry]
   156 | D:1      | Reached XP level 2. HP: 19/24 MP: 2/2
   556 | D:1      | Gained mutation: A weak demonic guardian rushes to your
                  | aid. [demonic ancestry]
   556 | D:1      | Reached XP level 3. HP: 29/29 MP: 3/3
   825 | D:2      | Noticed Jessica
   841 | D:2      | HP: 1/29 [Jessica/nerve-wracking pain (6)]
   844 | D:2      | Killed Jessica
   971 | D:2      | Reached XP level 4. HP: 30/35 MP: 4/4
  1057 | D:2      | Found Sycw's Distillery.
  1066 | D:2      | Bought a potion of heal wounds for 70 gold pieces
  1327 | D:2      | Found Tooled's Assorted Antiques.
  1342 | D:2      | Slain by a gnoll

Illustrated notes

Levels and vault maps discovered:
D:1:      ldierk_walled_garden_2, layout_basic, minmay_misc_feat_nine_boxes,
          minmay_unequal
D:2:      layout_rooms, serial_shops, nicolae_lakefront_shop, shop,
          kennysheep_generic_room_4, uniq_jessica

Skill      XL: |  1  2  3  4 |
---------------+-------------+-----
Shields        | 3 |  3.2
Armour         | 3 |  3.1
Axes           | 2 3 |  3.3
Fighting       | |  3.5
Dodging        | |  0.3

Action                     |  1- 3 |  4- 6 || total
---------------------------+-------+-------++-------
  Melee: War axe           |    97 |    61 ||   158
  Throw: Javelin           |     1 |     8 ||     9
 Armour: Scale mail        |    69 |       ||    69
         Robe              |     4 |    43 ||    47
  Dodge: Dodged            |    53 |    26 ||    79
  Block: Buckler           |    28 |    19 ||    47

Table legend: (Time is in decaauts)
 A = Elapsed time spent in this place.
 B = Non-inter-level travel time spent in this place.
 C = Inter-level travel time spent in this place.
 D = Time resting spent in this place.
 E = Time spent auto-exploring this place.
 F = Levels seen in this place.
 G = Mean time per level.
                   A        B        C        D        E       F      G
               +--------+--------+--------+--------+--------+-----+--------+
         Total |   1422 |   1387 |     35 |      0 |    905 |   2 |  711.0 |
       Dungeon |   1422 |   1387 |     35 |      0 |    905 |   2 |  711.0 |
               +--------+--------+--------+--------+--------+-----+--------+

Top non-repeatable levels by time:
     D:1: 851 daAuts
     D:2: 570 daAuts
